Map: Simulacrum LE

Players

Zest - Winner!

  • Race: Protoss Protoss
  • League: Master
  • Spawn Location: 11:00

TIME (Oliveira)

  • Race: Terran Terran
  • League: Grandmaster
  • Spawn Location: 5:00

Event: Shopify TSL 5

VOD

Have the link to the VOD?

Description

Time

  • Played on: May 23, 2020, 1:20 p.m.
  • Length: 6:39

All games in this series

Show
View Real Time Build Order
Export as new Build Order

Zest Protoss - Winner!

Build Orders: 1 Gate Expand, Blink Stalkers 

Get SALT Encoding   

  12  0:00  Probe  
  13  0:12  Probe  
  14  0:19  Pylon  
  14  0:24  Probe (Chrono Boost)  
  15  0:37  Gateway  
  15  0:39  Probe (Chrono Boost)  
  16  0:44  Probe (Chrono Boost)  
  16  0:46  Assimilator  
  17  0:53  Probe  
  18  1:05  Probe  
  19  1:17  Probe  
  20  1:24  Cybernetics Core  
  20  1:33  Nexus  
  20  1:35  Probe  
  21  1:41  Pylon  
  21  1:47  Probe  
  21  1:50  Assimilator  
  22  1:57  Adept (Chrono Boost)  
  22  1:59  Probe  
  25  2:02  Warp Gate  
  25  2:11  Probe  
  26  2:17  Stalker (Chrono Boost)  
  28  2:24  Probe, Shield Battery  
  29  2:35  Twilight Council  
  29  2:40  Stalker (Chrono Boost)  
  30  2:44  Probe  
  30  2:48  Probe  
  32  2:55  Shield Battery  
  32  2:57  Probe  
  33  3:03  Probe  
  34  3:09  Probe  
  34  3:12  Blink (Chrono Boost)  
  35  3:15  Probe  
  36  3:20  Stalker  
  36  3:22  Probe  
  39  3:28  Probe  
  40  3:35  Probe  
  40  3:36  Robotics Facility  
  40  3:40  Probe  
  42  3:47  Probe  
  43  3:53  Probe, Pylon  
  44  3:58  Sentry  
  46  4:03  Gateway  
  46  4:04  Gateway  
  46  4:09  Pylon  
  46  4:10  Phoenix  
  46  4:11  Probe x2  
  46  4:16  Pylon  
  48  4:21  Assimilator  
  48  4:22  Stalker  
  48  4:23  Probe x2  
  52  4:32  Warp Prism (Chrono Boost)  
  52  4:35  Probe  
  55  4:39  Probe  
  55  4:40  Pylon  
  56  4:47  Probe  
  56  4:48  Stalker  
  59  4:53  Assimilator  
  59  5:01  Stalker x2  
  59  5:04  Dark Shrine  
  63  5:25  Stalker x3  
  63  5:27  Probe x2  
  71  5:29  Pylon  
  72  5:35  Observer (Chrono Boost)  
  72  5:38  Pylon  
  72  5:40  Nexus  
  72  5:49  Stalker  
  74  5:50  Stalker x2  
  74  5:51  Probe  
  74  5:52  Probe  
  80  6:03  Probe  
  80  6:04  Probe  
  76  6:16  Probe x2  
  76  6:18  Dark Templar x3  
Show
View Real Time Build Order
Export as new Build Order

TIME Terran 

Build Orders:  

Get SALT Encoding   

  12  0:00  SCV  
  13  0:13  SCV  
  14  0:17  Supply Depot  
  14  0:25  SCV  
  15  0:38  SCV  
  15  0:40  Barracks  
  16  0:44  Refinery  
  16  0:50  SCV  
  17  1:01  Barracks  
  17  1:03  SCV  
  18  1:15  SCV  
  19  1:28  Orbital Command, Reaper  
  20  1:34  Supply Depot  
  20  1:49  Reaper  
  21  1:54  SCV  
  22  2:04  Reaper  
  22  2:06  SCV  
  24  2:18  Command Center  
  24  2:19  SCV  
  25  2:23  Reaper  
  25  2:27  Refinery  
  26  2:31  SCV  
  27  2:41  Reaper  
  27  2:44  SCV, Supply Depot  
  29  2:56  SCV  
  30  3:08  SCV  
  31  3:14  Factory  
  31  3:15  Barracks Reactor  
  31  3:20  SCV, Barracks Tech Lab  
  31  3:29  Orbital Command  
  31  3:33  SCV  
  32  3:37  Command Center  
  32  3:45  SCV  
  33  3:50  Barracks Tech Lab  
  33  3:52  Marine, Bunker  
  33  3:53  Marine  
  35  3:56  SCV  
  35  3:57  SCV  
  37  4:05  Siege Tank  
  37  4:08  SCV  
  41  4:10  Marine x2  
  41  4:12  SCV  
  41  4:14  Marine, Stimpack  
  45  4:19  Supply Depot  
  45  4:20  SCV  
  45  4:24  SCV  
  47  4:29  Marine  
  48  4:32  SCV  
  48  4:34  Marine  
  48  4:35  Engineering Bay  
  48  4:36  SCV  
  51  4:39  Siege Tank  
  51  4:44  SCV, Marine, Refinery  
  56  4:47  Marine  
  56  4:48  SCV  
  56  4:52  Orbital Command  
  58  4:54  Marine  
  58  4:58  SCV  
  60  5:00  SCV  
  60  5:02  Marine  
  60  5:03  Starport  
  62  5:08  Marine  
  62  5:13  Marine  
  63  5:17  SCV x2  
  63  5:20  Marine  
  64  5:21  SCV  
  64  5:26  Barracks  
  64  5:27  Marine  
  66  5:29  SCV x2  
  66  5:32  Factory Reactor  
  68  5:36  Marine  
  68  5:37  SCV  
  68  5:39  Starport Reactor  
  68  5:41  Barracks, Supply Depot  
  68  5:42  Barracks  
  70  5:44  SCV, Marauder  
  73  5:53  SCV, Refinery  
  73  5:56  Marine x2  
  76  5:58  Supply Depot  
  76  6:01  SCV  
  73  6:06  Marine  
  77  6:11  Widow Mine x2  
  77  6:12  SCV  
  77  6:13  Marine  
  77  6:15  SCV  
  79  6:25  SCV x2  
  87  6:27  SCV  
  90  6:34  Missile Turret  
Tags
 
Add a new tag
Caveats
  • Supply blocks, unpowered buildings, or Contaminate may cause inaccurate times.
  • Supply counts are checked every 10 seconds.